Workbook

Sheet Sessions
A1: Date | B1: Start | C1: End | D1: Venue | E1: Game | F1: Stakes | G1: Big blind (BB) | H1: Buy-in | I1: Cash-out | J1: Tips | K1: Expenses | L1: Notes | M1: Profit | N1: Hours | O1: Per hour | P1: BB per hour
A2: 46279 | B2: 0.79166667 | C2: 0.97916667 | D2: Example Casino | E2: NLH | F2: 1/2 | G2: 2 | H2: 200 | I2: 455 | J2: 10 | K2: 0 | L2: Example row: type over it | M2: =IF(AND(H2="",I2=""),"",I2-H2-J2-K2) | N2: =IF(OR(B2="",C2=""),0,MOD(C2-B2,1)) | O2: =IF(OR(M2="",N2="",N2=0),"",M2/(N2*24)) | P2: =IF(OR(O2="",G2="",G2=0),"",O2/G2)
A3: 46285 | B3: 0.83333333 | C3: 0.0625 | D3: Example Casino | E3: NLH | F3: 2/5 | G3: 5 | H3: 500 | I3: 320 | J3: 15 | K3: 12 | L3: Example row: type over it | M3: =IF(AND(H3="",I3=""),"",I3-H3-J3-K3) | N3: =IF(OR(B3="",C3=""),0,MOD(C3-B3,1)) | O3: =IF(OR(M3="",N3="",N3=0),"",M3/(N3*24)) | P3: =IF(OR(O3="",G3="",G3=0),"",O3/G3)
A4: 46298 | B4: 0.58333333 | C4: 0.75 | D4: Example Card Room | E4: NLH | F4: 1/2 | G4: 2 | H4: 300 | I4: 410 | J4: 8 | K4: 0 | L4: Example row: type over it | M4: =IF(AND(H4="",I4=""),"",I4-H4-J4-K4) | N4: =IF(OR(B4="",C4=""),0,MOD(C4-B4,1)) | O4: =IF(OR(M4="",N4="",N4=0),"",M4/(N4*24)) | P4: =IF(OR(O4="",G4="",G4=0),"",O4/G4)

Sheet Tournaments
A1: Date | B1: Venue | C1: Tournament name | D1: Type | E1: Buy-in | F1: Rebuys | G1: Rebuy cost | H1: Add-ons | I1: Add-on cost | J1: Prize won | K1: Placement | L1: Field size | M1: Notes | N1: Profit | O1: ROI
A2: 46280 | B2: Example Casino | C2: Monday Deepstack (example) | D2: =IF(A2="","","Tournament (MTT)") | E2: 150 | F2: 1 | G2: 150 | H2: 1 | I2: 50 | J2: 0 | K2: 48 | L2: 120 | M2: Example row: type over it | N2: =IF(E2="","",J2-E2-F2*G2-H2*I2) | O2: =IF(OR(N2="",(E2+F2*G2+H2*I2)=0),"",N2/(E2+F2*G2+H2*I2))
A3: 46292 | B3: Example Casino | C3: Sunday Main Event (example) | D3: =IF(A3="","","Tournament (MTT)") | E3: 300 | F3: 0 | G3: 0 | H3: 1 | I3: 100 | J3: 1450 | K3: 6 | L3: 210 | M3: Example row: type over it | N3: =IF(E3="","",J3-E3-F3*G3-H3*I3) | O3: =IF(OR(N3="",(E3+F3*G3+H3*I3)=0),"",N3/(E3+F3*G3+H3*I3))
A4: 46300 | B4: Example Card Room | C4: Turbo Sit & Go (example) | D4: Tournament (SNG) | E4: 50 | F4: 0 | G4: 0 | H4: 0 | I4: 0 | J4: 0 | K4: 4 | L4: 9 | M4: Example row: type over it | N4: =IF(E4="","",J4-E4-F4*G4-H4*I4) | O4: =IF(OR(N4="",(E4+F4*G4+H4*I4)=0),"",N4/(E4+F4*G4+H4*I4))

Sheet Summary
A1: PokerCharts poker tracker
A2: Every figure on this tab is a formula. Add rows on the Sessions and Tournaments tabs and it updates.
A4: How to use this tracker
A5: 1. Log cash games on the Sessions tab and tournaments on the Tournaments tab, one row each. Type over the example rows (Example Casino), then keep adding rows below them.
A6: 2. The grey columns calculate themselves, so leave them alone. In Google Sheets, copy the last row down to start a new one so its formulas come along.
A7: 3. Write stakes as text, like 1/2, and the big blind as a number. Start and End are clock times (19:00); a session that runs past midnight is fine.
A8: 4. On the Tournaments tab, keep MTT or SNG in the Type column (pick from its list) so PokerCharts imports the row as a tournament. Rebuy cost and Add-on cost are the price of one.
A9: Ready to move to PokerCharts?
A10: 5. Export one tab at a time as a CSV file. Excel: open the tab, choose File > Save As (or Save a Copy) and pick CSV UTF-8 (Comma delimited) (.csv). Excel saves only the open tab. Google Sheets: open the tab, then File > Download > Comma Separated Values (.csv).
A11: 6. Delete any example rows that are left, create a free account at pokercharts.com, open Import Data and upload the Sessions file, then the Tournaments file. Keep the column names as they are: PokerCharts recognises them.
A13: Cash games
A14: Sessions | B14: =COUNT('Sessions'!$A$2:$A$10000)
A15: Profit | B15: =SUM('Sessions'!$M$2:$M$10000)
A16: Hours played | B16: =SUM('Sessions'!$N$2:$N$10000)*24
A17: Profit per hour | B17: =IFERROR(SUMPRODUCT('Sessions'!$O$2:$O$10000,'Sessions'!$N$2:$N$10000)/SUMPRODUCT(('Sessions'!$O$2:$O$10000<>"")*1,'Sessions'!$N$2:$N$10000),"")
A18: BB per hour | B18: =IFERROR(SUMPRODUCT('Sessions'!$P$2:$P$10000,'Sessions'!$N$2:$N$10000)/SUMPRODUCT(('Sessions'!$P$2:$P$10000<>"")*1,'Sessions'!$N$2:$N$10000),"")
A19: Tips and expenses | B19: =SUM('Sessions'!$J$2:$J$10000)+SUM('Sessions'!$K$2:$K$10000)
A21: Tournaments
A22: Tournaments played | B22: =COUNT('Tournaments'!$A$2:$A$10000)
A23: Buy-ins, rebuys and add-ons | B23: =SUM('Tournaments'!$E$2:$E$10000)+SUMPRODUCT('Tournaments'!$F$2:$F$10000,'Tournaments'!$G$2:$G$10000)+SUMPRODUCT('Tournaments'!$H$2:$H$10000,'Tournaments'!$I$2:$I$10000)
A24: Prizes won | B24: =SUM('Tournaments'!$J$2:$J$10000)
A25: Profit | B25: =SUM('Tournaments'!$N$2:$N$10000)
A26: ROI | B26: =IFERROR(B25/B23,"")
A27: Cashes | B27: =COUNTIF('Tournaments'!$J$2:$J$10000,">0")
A28: Cash rate | B28: =IFERROR(B27/B22,"")
A30: All play
A31: Total profit | B31: =B15+B25
A33: By stake (cash games)
A34: Stakes | B34: Sessions | C34: Hours | D34: Profit | E34: Per hour | F34: BB per hour
A35: {=IFERROR(INDEX('Sessions'!$F$2:$F$10000,MATCH(1,('Sessions'!$F$2:$F$10000<>"")*ISNA(MATCH('Sessions'!$F$2:$F$10000,$A$34:A34,0)),0)),"")} | B35: =IF($A35="","",SUMPRODUCT(('Sessions'!$F$2:$F$10000=$A35)*1)) | C35: =IF($A35="","",SUMPRODUCT(('Sessions'!$F$2:$F$10000=$A35)*1,'Sessions'!$N$2:$N$10000)*24) | D35: =IF($A35="","",SUMPRODUCT(('Sessions'!$F$2:$F$10000=$A35)*1,'Sessions'!$M$2:$M$10000)) | E35: =IF($A35="","",IFERROR(SUMPRODUCT(('Sessions'!$F$2:$F$10000=$A35)*1,'Sessions'!$O$2:$O$10000,'Sessions'!$N$2:$N$10000)/SUMPRODUCT(('Sessions'!$F$2:$F$10000=$A35)*1,('Sessions'!$O$2:$O$10000<>"")*1,'Sessions'!$N$2:$N$10000),"")) | F35: =IF($A35="","",IFERROR(SUMPRODUCT(('Sessions'!$F$2:$F$10000=$A35)*1,'Sessions'!$P$2:$P$10000,'Sessions'!$N$2:$N$10000)/SUMPRODUCT(('Sessions'!$F$2:$F$10000=$A35)*1,('Sessions'!$P$2:$P$10000<>"")*1,'Sessions'!$N$2:$N$10000),""))
A36: {=IFERROR(INDEX('Sessions'!$F$2:$F$10000,MATCH(1,('Sessions'!$F$2:$F$10000<>"")*ISNA(MATCH('Sessions'!$F$2:$F$10000,$A$34:A35,0)),0)),"")} | B36: =IF($A36="","",SUMPRODUCT(('Sessions'!$F$2:$F$10000=$A36)*1)) | C36: =IF($A36="","",SUMPRODUCT(('Sessions'!$F$2:$F$10000=$A36)*1,'Sessions'!$N$2:$N$10000)*24) | D36: =IF($A36="","",SUMPRODUCT(('Sessions'!$F$2:$F$10000=$A36)*1,'Sessions'!$M$2:$M$10000)) | E36: =IF($A36="","",IFERROR(SUMPRODUCT(('Sessions'!$F$2:$F$10000=$A36)*1,'Sessions'!$O$2:$O$10000,'Sessions'!$N$2:$N$10000)/SUMPRODUCT(('Sessions'!$F$2:$F$10000=$A36)*1,('Sessions'!$O$2:$O$10000<>"")*1,'Sessions'!$N$2:$N$10000),"")) | F36: =IF($A36="","",IFERROR(SUMPRODUCT(('Sessions'!$F$2:$F$10000=$A36)*1,'Sessions'!$P$2:$P$10000,'Sessions'!$N$2:$N$10000)/SUMPRODUCT(('Sessions'!$F$2:$F$10000=$A36)*1,('Sessions'!$P$2:$P$10000<>"")*1,'Sessions'!$N$2:$N$10000),""))
A37: {=IFERROR(INDEX('Sessions'!$F$2:$F$10000,MATCH(1,('Sessions'!$F$2:$F$10000<>"")*ISNA(MATCH('Sessions'!$F$2:$F$10000,$A$34:A36,0)),0)),"")} | B37: =IF($A37="","",SUMPRODUCT(('Sessions'!$F$2:$F$10000=$A37)*1)) | C37: =IF($A37="","",SUMPRODUCT(('Sessions'!$F$2:$F$10000=$A37)*1,'Sessions'!$N$2:$N$10000)*24) | D37: =IF($A37="","",SUMPRODUCT(('Sessions'!$F$2:$F$10000=$A37)*1,'Sessions'!$M$2:$M$10000)) | E37: =IF($A37="","",IFERROR(SUMPRODUCT(('Sessions'!$F$2:$F$10000=$A37)*1,'Sessions'!$O$2:$O$10000,'Sessions'!$N$2:$N$10000)/SUMPRODUCT(('Sessions'!$F$2:$F$10000=$A37)*1,('Sessions'!$O$2:$O$10000<>"")*1,'Sessions'!$N$2:$N$10000),"")) | F37: =IF($A37="","",IFERROR(SUMPRODUCT(('Sessions'!$F$2:$F$10000=$A37)*1,'Sessions'!$P$2:$P$10000,'Sessions'!$N$2:$N$10000)/SUMPRODUCT(('Sessions'!$F$2:$F$10000=$A37)*1,('Sessions'!$P$2:$P$10000<>"")*1,'Sessions'!$N$2:$N$10000),""))
A38: {=IFERROR(INDEX('Sessions'!$F$2:$F$10000,MATCH(1,('Sessions'!$F$2:$F$10000<>"")*ISNA(MATCH('Sessions'!$F$2:$F$10000,$A$34:A37,0)),0)),"")} | B38: =IF($A38="","",SUMPRODUCT(('Sessions'!$F$2:$F$10000=$A38)*1)) | C38: =IF($A38="","",SUMPRODUCT(('Sessions'!$F$2:$F$10000=$A38)*1,'Sessions'!$N$2:$N$10000)*24) | D38: =IF($A38="","",SUMPRODUCT(('Sessions'!$F$2:$F$10000=$A38)*1,'Sessions'!$M$2:$M$10000)) | E38: =IF($A38="","",IFERROR(SUMPRODUCT(('Sessions'!$F$2:$F$10000=$A38)*1,'Sessions'!$O$2:$O$10000,'Sessions'!$N$2:$N$10000)/SUMPRODUCT(('Sessions'!$F$2:$F$10000=$A38)*1,('Sessions'!$O$2:$O$10000<>"")*1,'Sessions'!$N$2:$N$10000),"")) | F38: =IF($A38="","",IFERROR(SUMPRODUCT(('Sessions'!$F$2:$F$10000=$A38)*1,'Sessions'!$P$2:$P$10000,'Sessions'!$N$2:$N$10000)/SUMPRODUCT(('Sessions'!$F$2:$F$10000=$A38)*1,('Sessions'!$P$2:$P$10000<>"")*1,'Sessions'!$N$2:$N$10000),""))
A39: {=IFERROR(INDEX('Sessions'!$F$2:$F$10000,MATCH(1,('Sessions'!$F$2:$F$10000<>"")*ISNA(MATCH('Sessions'!$F$2:$F$10000,$A$34:A38,0)),0)),"")} | B39: =IF($A39="","",SUMPRODUCT(('Sessions'!$F$2:$F$10000=$A39)*1)) | C39: =IF($A39="","",SUMPRODUCT(('Sessions'!$F$2:$F$10000=$A39)*1,'Sessions'!$N$2:$N$10000)*24) | D39: =IF($A39="","",SUMPRODUCT(('Sessions'!$F$2:$F$10000=$A39)*1,'Sessions'!$M$2:$M$10000)) | E39: =IF($A39="","",IFERROR(SUMPRODUCT(('Sessions'!$F$2:$F$10000=$A39)*1,'Sessions'!$O$2:$O$10000,'Sessions'!$N$2:$N$10000)/SUMPRODUCT(('Sessions'!$F$2:$F$10000=$A39)*1,('Sessions'!$O$2:$O$10000<>"")*1,'Sessions'!$N$2:$N$10000),"")) | F39: =IF($A39="","",IFERROR(SUMPRODUCT(('Sessions'!$F$2:$F$10000=$A39)*1,'Sessions'!$P$2:$P$10000,'Sessions'!$N$2:$N$10000)/SUMPRODUCT(('Sessions'!$F$2:$F$10000=$A39)*1,('Sessions'!$P$2:$P$10000<>"")*1,'Sessions'!$N$2:$N$10000),""))
A40: {=IFERROR(INDEX('Sessions'!$F$2:$F$10000,MATCH(1,('Sessions'!$F$2:$F$10000<>"")*ISNA(MATCH('Sessions'!$F$2:$F$10000,$A$34:A39,0)),0)),"")} | B40: =IF($A40="","",SUMPRODUCT(('Sessions'!$F$2:$F$10000=$A40)*1)) | C40: =IF($A40="","",SUMPRODUCT(('Sessions'!$F$2:$F$10000=$A40)*1,'Sessions'!$N$2:$N$10000)*24) | D40: =IF($A40="","",SUMPRODUCT(('Sessions'!$F$2:$F$10000=$A40)*1,'Sessions'!$M$2:$M$10000)) | E40: =IF($A40="","",IFERROR(SUMPRODUCT(('Sessions'!$F$2:$F$10000=$A40)*1,'Sessions'!$O$2:$O$10000,'Sessions'!$N$2:$N$10000)/SUMPRODUCT(('Sessions'!$F$2:$F$10000=$A40)*1,('Sessions'!$O$2:$O$10000<>"")*1,'Sessions'!$N$2:$N$10000),"")) | F40: =IF($A40="","",IFERROR(SUMPRODUCT(('Sessions'!$F$2:$F$10000=$A40)*1,'Sessions'!$P$2:$P$10000,'Sessions'!$N$2:$N$10000)/SUMPRODUCT(('Sessions'!$F$2:$F$10000=$A40)*1,('Sessions'!$P$2:$P$10000<>"")*1,'Sessions'!$N$2:$N$10000),""))
A41: {=IFERROR(INDEX('Sessions'!$F$2:$F$10000,MATCH(1,('Sessions'!$F$2:$F$10000<>"")*ISNA(MATCH('Sessions'!$F$2:$F$10000,$A$34:A40,0)),0)),"")} | B41: =IF($A41="","",SUMPRODUCT(('Sessions'!$F$2:$F$10000=$A41)*1)) | C41: =IF($A41="","",SUMPRODUCT(('Sessions'!$F$2:$F$10000=$A41)*1,'Sessions'!$N$2:$N$10000)*24) | D41: =IF($A41="","",SUMPRODUCT(('Sessions'!$F$2:$F$10000=$A41)*1,'Sessions'!$M$2:$M$10000)) | E41: =IF($A41="","",IFERROR(SUMPRODUCT(('Sessions'!$F$2:$F$10000=$A41)*1,'Sessions'!$O$2:$O$10000,'Sessions'!$N$2:$N$10000)/SUMPRODUCT(('Sessions'!$F$2:$F$10000=$A41)*1,('Sessions'!$O$2:$O$10000<>"")*1,'Sessions'!$N$2:$N$10000),"")) | F41: =IF($A41="","",IFERROR(SUMPRODUCT(('Sessions'!$F$2:$F$10000=$A41)*1,'Sessions'!$P$2:$P$10000,'Sessions'!$N$2:$N$10000)/SUMPRODUCT(('Sessions'!$F$2:$F$10000=$A41)*1,('Sessions'!$P$2:$P$10000<>"")*1,'Sessions'!$N$2:$N$10000),""))
A42: {=IFERROR(INDEX('Sessions'!$F$2:$F$10000,MATCH(1,('Sessions'!$F$2:$F$10000<>"")*ISNA(MATCH('Sessions'!$F$2:$F$10000,$A$34:A41,0)),0)),"")} | B42: =IF($A42="","",SUMPRODUCT(('Sessions'!$F$2:$F$10000=$A42)*1)) | C42: =IF($A42="","",SUMPRODUCT(('Sessions'!$F$2:$F$10000=$A42)*1,'Sessions'!$N$2:$N$10000)*24) | D42: =IF($A42="","",SUMPRODUCT(('Sessions'!$F$2:$F$10000=$A42)*1,'Sessions'!$M$2:$M$10000)) | E42: =IF($A42="","",IFERROR(SUMPRODUCT(('Sessions'!$F$2:$F$10000=$A42)*1,'Sessions'!$O$2:$O$10000,'Sessions'!$N$2:$N$10000)/SUMPRODUCT(('Sessions'!$F$2:$F$10000=$A42)*1,('Sessions'!$O$2:$O$10000<>"")*1,'Sessions'!$N$2:$N$10000),"")) | F42: =IF($A42="","",IFERROR(SUMPRODUCT(('Sessions'!$F$2:$F$10000=$A42)*1,'Sessions'!$P$2:$P$10000,'Sessions'!$N$2:$N$10000)/SUMPRODUCT(('Sessions'!$F$2:$F$10000=$A42)*1,('Sessions'!$P$2:$P$10000<>"")*1,'Sessions'!$N$2:$N$10000),""))
A43: {=IFERROR(INDEX('Sessions'!$F$2:$F$10000,MATCH(1,('Sessions'!$F$2:$F$10000<>"")*ISNA(MATCH('Sessions'!$F$2:$F$10000,$A$34:A42,0)),0)),"")} | B43: =IF($A43="","",SUMPRODUCT(('Sessions'!$F$2:$F$10000=$A43)*1)) | C43: =IF($A43="","",SUMPRODUCT(('Sessions'!$F$2:$F$10000=$A43)*1,'Sessions'!$N$2:$N$10000)*24) | D43: =IF($A43="","",SUMPRODUCT(('Sessions'!$F$2:$F$10000=$A43)*1,'Sessions'!$M$2:$M$10000)) | E43: =IF($A43="","",IFERROR(SUMPRODUCT(('Sessions'!$F$2:$F$10000=$A43)*1,'Sessions'!$O$2:$O$10000,'Sessions'!$N$2:$N$10000)/SUMPRODUCT(('Sessions'!$F$2:$F$10000=$A43)*1,('Sessions'!$O$2:$O$10000<>"")*1,'Sessions'!$N$2:$N$10000),"")) | F43: =IF($A43="","",IFERROR(SUMPRODUCT(('Sessions'!$F$2:$F$10000=$A43)*1,'Sessions'!$P$2:$P$10000,'Sessions'!$N$2:$N$10000)/SUMPRODUCT(('Sessions'!$F$2:$F$10000=$A43)*1,('Sessions'!$P$2:$P$10000<>"")*1,'Sessions'!$N$2:$N$10000),""))
A44: {=IFERROR(INDEX('Sessions'!$F$2:$F$10000,MATCH(1,('Sessions'!$F$2:$F$10000<>"")*ISNA(MATCH('Sessions'!$F$2:$F$10000,$A$34:A43,0)),0)),"")} | B44: =IF($A44="","",SUMPRODUCT(('Sessions'!$F$2:$F$10000=$A44)*1)) | C44: =IF($A44="","",SUMPRODUCT(('Sessions'!$F$2:$F$10000=$A44)*1,'Sessions'!$N$2:$N$10000)*24) | D44: =IF($A44="","",SUMPRODUCT(('Sessions'!$F$2:$F$10000=$A44)*1,'Sessions'!$M$2:$M$10000)) | E44: =IF($A44="","",IFERROR(SUMPRODUCT(('Sessions'!$F$2:$F$10000=$A44)*1,'Sessions'!$O$2:$O$10000,'Sessions'!$N$2:$N$10000)/SUMPRODUCT(('Sessions'!$F$2:$F$10000=$A44)*1,('Sessions'!$O$2:$O$10000<>"")*1,'Sessions'!$N$2:$N$10000),"")) | F44: =IF($A44="","",IFERROR(SUMPRODUCT(('Sessions'!$F$2:$F$10000=$A44)*1,'Sessions'!$P$2:$P$10000,'Sessions'!$N$2:$N$10000)/SUMPRODUCT(('Sessions'!$F$2:$F$10000=$A44)*1,('Sessions'!$P$2:$P$10000<>"")*1,'Sessions'!$N$2:$N$10000),""))
A45: {=IFERROR(INDEX('Sessions'!$F$2:$F$10000,MATCH(1,('Sessions'!$F$2:$F$10000<>"")*ISNA(MATCH('Sessions'!$F$2:$F$10000,$A$34:A44,0)),0)),"")} | B45: =IF($A45="","",SUMPRODUCT(('Sessions'!$F$2:$F$10000=$A45)*1)) | C45: =IF($A45="","",SUMPRODUCT(('Sessions'!$F$2:$F$10000=$A45)*1,'Sessions'!$N$2:$N$10000)*24) | D45: =IF($A45="","",SUMPRODUCT(('Sessions'!$F$2:$F$10000=$A45)*1,'Sessions'!$M$2:$M$10000)) | E45: =IF($A45="","",IFERROR(SUMPRODUCT(('Sessions'!$F$2:$F$10000=$A45)*1,'Sessions'!$O$2:$O$10000,'Sessions'!$N$2:$N$10000)/SUMPRODUCT(('Sessions'!$F$2:$F$10000=$A45)*1,('Sessions'!$O$2:$O$10000<>"")*1,'Sessions'!$N$2:$N$10000),"")) | F45: =IF($A45="","",IFERROR(SUMPRODUCT(('Sessions'!$F$2:$F$10000=$A45)*1,'Sessions'!$P$2:$P$10000,'Sessions'!$N$2:$N$10000)/SUMPRODUCT(('Sessions'!$F$2:$F$10000=$A45)*1,('Sessions'!$P$2:$P$10000<>"")*1,'Sessions'!$N$2:$N$10000),""))
A46: {=IFERROR(INDEX('Sessions'!$F$2:$F$10000,MATCH(1,('Sessions'!$F$2:$F$10000<>"")*ISNA(MATCH('Sessions'!$F$2:$F$10000,$A$34:A45,0)),0)),"")} | B46: =IF($A46="","",SUMPRODUCT(('Sessions'!$F$2:$F$10000=$A46)*1)) | C46: =IF($A46="","",SUMPRODUCT(('Sessions'!$F$2:$F$10000=$A46)*1,'Sessions'!$N$2:$N$10000)*24) | D46: =IF($A46="","",SUMPRODUCT(('Sessions'!$F$2:$F$10000=$A46)*1,'Sessions'!$M$2:$M$10000)) | E46: =IF($A46="","",IFERROR(SUMPRODUCT(('Sessions'!$F$2:$F$10000=$A46)*1,'Sessions'!$O$2:$O$10000,'Sessions'!$N$2:$N$10000)/SUMPRODUCT(('Sessions'!$F$2:$F$10000=$A46)*1,('Sessions'!$O$2:$O$10000<>"")*1,'Sessions'!$N$2:$N$10000),"")) | F46: =IF($A46="","",IFERROR(SUMPRODUCT(('Sessions'!$F$2:$F$10000=$A46)*1,'Sessions'!$P$2:$P$10000,'Sessions'!$N$2:$N$10000)/SUMPRODUCT(('Sessions'!$F$2:$F$10000=$A46)*1,('Sessions'!$P$2:$P$10000<>"")*1,'Sessions'!$N$2:$N$10000),""))
... A54: {=IFERROR(INDEX('Sessions'!$F$2:$F$10000,MATCH(1,('Sessions'!$F$2:$F$10000<>"")*ISNA(MATCH('Sessions'!$F$2:$F$10000,$A$34:A53,0)),0)),"")} | B54: =IF($A54="","",SUMPRODUCT(('Sessions'!$F$2:$F$10000=$A54)*1)) | C54: =IF($A54="","",SUMPRODUCT(('Sessions'!$F$2:$F$10000=$A54)*1,'Sessions'!$N$2:$N$10000)*24) | D54: =IF($A54="","",SUMPRODUCT(('Sessions'!$F$2:$F$10000=$A54)*1,'Sessions'!$M$2:$M$10000)) | E54: =IF($A54="","",IFERROR(SUMPRODUCT(('Sessions'!$F$2:$F$10000=$A54)*1,'Sessions'!$O$2:$O$10000,'Sessions'!$N$2:$N$10000)/SUMPRODUCT(('Sessions'!$F$2:$F$10000=$A54)*1,('Sessions'!$O$2:$O$10000<>"")*1,'Sessions'!$N$2:$N$10000),"")) | F54: =IF($A54="","",IFERROR(SUMPRODUCT(('Sessions'!$F$2:$F$10000=$A54)*1,'Sessions'!$P$2:$P$10000,'Sessions'!$N$2:$N$10000)/SUMPRODUCT(('Sessions'!$F$2:$F$10000=$A54)*1,('Sessions'!$P$2:$P$10000<>"")*1,'Sessions'!$N$2:$N$10000),""))
A56: By venue
A57: Venue | B57: Cash sessions | C57: Cash profit | D57: Tournaments | E57: Tournament profit | F57: Total profit
A58: {=IFERROR(INDEX('Sessions'!$D$2:$D$10000,MATCH(1,('Sessions'!$D$2:$D$10000<>"")*ISNA(MATCH('Sessions'!$D$2:$D$10000,$A$57:A57,0)),0)),IFERROR(INDEX('Tournaments'!$B$2:$B$10000,MATCH(1,('Tournaments'!$B$2:$B$10000<>"")*ISNA(MATCH('Tournaments'!$B$2:$B$10000,$A$57:A57,0)),0)),""))} | B58: =IF($A58="","",SUMPRODUCT(('Sessions'!$D$2:$D$10000=$A58)*1,('Sessions'!$A$2:$A$10000<>"")*1)) | C58: =IF($A58="","",SUMPRODUCT(('Sessions'!$D$2:$D$10000=$A58)*1,'Sessions'!$M$2:$M$10000)) | D58: =IF($A58="","",SUMPRODUCT(('Tournaments'!$B$2:$B$10000=$A58)*1,('Tournaments'!$A$2:$A$10000<>"")*1)) | E58: =IF($A58="","",SUMPRODUCT(('Tournaments'!$B$2:$B$10000=$A58)*1,'Tournaments'!$N$2:$N$10000)) | F58: =IF($A58="","",C58+E58)
A59: {=IFERROR(INDEX('Sessions'!$D$2:$D$10000,MATCH(1,('Sessions'!$D$2:$D$10000<>"")*ISNA(MATCH('Sessions'!$D$2:$D$10000,$A$57:A58,0)),0)),IFERROR(INDEX('Tournaments'!$B$2:$B$10000,MATCH(1,('Tournaments'!$B$2:$B$10000<>"")*ISNA(MATCH('Tournaments'!$B$2:$B$10000,$A$57:A58,0)),0)),""))} | B59: =IF($A59="","",SUMPRODUCT(('Sessions'!$D$2:$D$10000=$A59)*1,('Sessions'!$A$2:$A$10000<>"")*1)) | C59: =IF($A59="","",SUMPRODUCT(('Sessions'!$D$2:$D$10000=$A59)*1,'Sessions'!$M$2:$M$10000)) | D59: =IF($A59="","",SUMPRODUCT(('Tournaments'!$B$2:$B$10000=$A59)*1,('Tournaments'!$A$2:$A$10000<>"")*1)) | E59: =IF($A59="","",SUMPRODUCT(('Tournaments'!$B$2:$B$10000=$A59)*1,'Tournaments'!$N$2:$N$10000)) | F59: =IF($A59="","",C59+E59)
A60: {=IFERROR(INDEX('Sessions'!$D$2:$D$10000,MATCH(1,('Sessions'!$D$2:$D$10000<>"")*ISNA(MATCH('Sessions'!$D$2:$D$10000,$A$57:A59,0)),0)),IFERROR(INDEX('Tournaments'!$B$2:$B$10000,MATCH(1,('Tournaments'!$B$2:$B$10000<>"")*ISNA(MATCH('Tournaments'!$B$2:$B$10000,$A$57:A59,0)),0)),""))} | B60: =IF($A60="","",SUMPRODUCT(('Sessions'!$D$2:$D$10000=$A60)*1,('Sessions'!$A$2:$A$10000<>"")*1)) | C60: =IF($A60="","",SUMPRODUCT(('Sessions'!$D$2:$D$10000=$A60)*1,'Sessions'!$M$2:$M$10000)) | D60: =IF($A60="","",SUMPRODUCT(('Tournaments'!$B$2:$B$10000=$A60)*1,('Tournaments'!$A$2:$A$10000<>"")*1)) | E60: =IF($A60="","",SUMPRODUCT(('Tournaments'!$B$2:$B$10000=$A60)*1,'Tournaments'!$N$2:$N$10000)) | F60: =IF($A60="","",C60+E60)
A61: {=IFERROR(INDEX('Sessions'!$D$2:$D$10000,MATCH(1,('Sessions'!$D$2:$D$10000<>"")*ISNA(MATCH('Sessions'!$D$2:$D$10000,$A$57:A60,0)),0)),IFERROR(INDEX('Tournaments'!$B$2:$B$10000,MATCH(1,('Tournaments'!$B$2:$B$10000<>"")*ISNA(MATCH('Tournaments'!$B$2:$B$10000,$A$57:A60,0)),0)),""))} | B61: =IF($A61="","",SUMPRODUCT(('Sessions'!$D$2:$D$10000=$A61)*1,('Sessions'!$A$2:$A$10000<>"")*1)) | C61: =IF($A61="","",SUMPRODUCT(('Sessions'!$D$2:$D$10000=$A61)*1,'Sessions'!$M$2:$M$10000)) | D61: =IF($A61="","",SUMPRODUCT(('Tournaments'!$B$2:$B$10000=$A61)*1,('Tournaments'!$A$2:$A$10000<>"")*1)) | E61: =IF($A61="","",SUMPRODUCT(('Tournaments'!$B$2:$B$10000=$A61)*1,'Tournaments'!$N$2:$N$10000)) | F61: =IF($A61="","",C61+E61)
A62: {=IFERROR(INDEX('Sessions'!$D$2:$D$10000,MATCH(1,('Sessions'!$D$2:$D$10000<>"")*ISNA(MATCH('Sessions'!$D$2:$D$10000,$A$57:A61,0)),0)),IFERROR(INDEX('Tournaments'!$B$2:$B$10000,MATCH(1,('Tournaments'!$B$2:$B$10000<>"")*ISNA(MATCH('Tournaments'!$B$2:$B$10000,$A$57:A61,0)),0)),""))} | B62: =IF($A62="","",SUMPRODUCT(('Sessions'!$D$2:$D$10000=$A62)*1,('Sessions'!$A$2:$A$10000<>"")*1)) | C62: =IF($A62="","",SUMPRODUCT(('Sessions'!$D$2:$D$10000=$A62)*1,'Sessions'!$M$2:$M$10000)) | D62: =IF($A62="","",SUMPRODUCT(('Tournaments'!$B$2:$B$10000=$A62)*1,('Tournaments'!$A$2:$A$10000<>"")*1)) | E62: =IF($A62="","",SUMPRODUCT(('Tournaments'!$B$2:$B$10000=$A62)*1,'Tournaments'!$N$2:$N$10000)) | F62: =IF($A62="","",C62+E62)
A63: {=IFERROR(INDEX('Sessions'!$D$2:$D$10000,MATCH(1,('Sessions'!$D$2:$D$10000<>"")*ISNA(MATCH('Sessions'!$D$2:$D$10000,$A$57:A62,0)),0)),IFERROR(INDEX('Tournaments'!$B$2:$B$10000,MATCH(1,('Tournaments'!$B$2:$B$10000<>"")*ISNA(MATCH('Tournaments'!$B$2:$B$10000,$A$57:A62,0)),0)),""))} | B63: =IF($A63="","",SUMPRODUCT(('Sessions'!$D$2:$D$10000=$A63)*1,('Sessions'!$A$2:$A$10000<>"")*1)) | C63: =IF($A63="","",SUMPRODUCT(('Sessions'!$D$2:$D$10000=$A63)*1,'Sessions'!$M$2:$M$10000)) | D63: =IF($A63="","",SUMPRODUCT(('Tournaments'!$B$2:$B$10000=$A63)*1,('Tournaments'!$A$2:$A$10000<>"")*1)) | E63: =IF($A63="","",SUMPRODUCT(('Tournaments'!$B$2:$B$10000=$A63)*1,'Tournaments'!$N$2:$N$10000)) | F63: =IF($A63="","",C63+E63)
A64: {=IFERROR(INDEX('Sessions'!$D$2:$D$10000,MATCH(1,('Sessions'!$D$2:$D$10000<>"")*ISNA(MATCH('Sessions'!$D$2:$D$10000,$A$57:A63,0)),0)),IFERROR(INDEX('Tournaments'!$B$2:$B$10000,MATCH(1,('Tournaments'!$B$2:$B$10000<>"")*ISNA(MATCH('Tournaments'!$B$2:$B$10000,$A$57:A63,0)),0)),""))} | B64: =IF($A64="","",SUMPRODUCT(('Sessions'!$D$2:$D$10000=$A64)*1,('Sessions'!$A$2:$A$10000<>"")*1)) | C64: =IF($A64="","",SUMPRODUCT(('Sessions'!$D$2:$D$10000=$A64)*1,'Sessions'!$M$2:$M$10000)) | D64: =IF($A64="","",SUMPRODUCT(('Tournaments'!$B$2:$B$10000=$A64)*1,('Tournaments'!$A$2:$A$10000<>"")*1)) | E64: =IF($A64="","",SUMPRODUCT(('Tournaments'!$B$2:$B$10000=$A64)*1,'Tournaments'!$N$2:$N$10000)) | F64: =IF($A64="","",C64+E64)
A65: {=IFERROR(INDEX('Sessions'!$D$2:$D$10000,MATCH(1,('Sessions'!$D$2:$D$10000<>"")*ISNA(MATCH('Sessions'!$D$2:$D$10000,$A$57:A64,0)),0)),IFERROR(INDEX('Tournaments'!$B$2:$B$10000,MATCH(1,('Tournaments'!$B$2:$B$10000<>"")*ISNA(MATCH('Tournaments'!$B$2:$B$10000,$A$57:A64,0)),0)),""))} | B65: =IF($A65="","",SUMPRODUCT(('Sessions'!$D$2:$D$10000=$A65)*1,('Sessions'!$A$2:$A$10000<>"")*1)) | C65: =IF($A65="","",SUMPRODUCT(('Sessions'!$D$2:$D$10000=$A65)*1,'Sessions'!$M$2:$M$10000)) | D65: =IF($A65="","",SUMPRODUCT(('Tournaments'!$B$2:$B$10000=$A65)*1,('Tournaments'!$A$2:$A$10000<>"")*1)) | E65: =IF($A65="","",SUMPRODUCT(('Tournaments'!$B$2:$B$10000=$A65)*1,'Tournaments'!$N$2:$N$10000)) | F65: =IF($A65="","",C65+E65)
A66: {=IFERROR(INDEX('Sessions'!$D$2:$D$10000,MATCH(1,('Sessions'!$D$2:$D$10000<>"")*ISNA(MATCH('Sessions'!$D$2:$D$10000,$A$57:A65,0)),0)),IFERROR(INDEX('Tournaments'!$B$2:$B$10000,MATCH(1,('Tournaments'!$B$2:$B$10000<>"")*ISNA(MATCH('Tournaments'!$B$2:$B$10000,$A$57:A65,0)),0)),""))} | B66: =IF($A66="","",SUMPRODUCT(('Sessions'!$D$2:$D$10000=$A66)*1,('Sessions'!$A$2:$A$10000<>"")*1)) | C66: =IF($A66="","",SUMPRODUCT(('Sessions'!$D$2:$D$10000=$A66)*1,'Sessions'!$M$2:$M$10000)) | D66: =IF($A66="","",SUMPRODUCT(('Tournaments'!$B$2:$B$10000=$A66)*1,('Tournaments'!$A$2:$A$10000<>"")*1)) | E66: =IF($A66="","",SUMPRODUCT(('Tournaments'!$B$2:$B$10000=$A66)*1,'Tournaments'!$N$2:$N$10000)) | F66: =IF($A66="","",C66+E66)
A67: {=IFERROR(INDEX('Sessions'!$D$2:$D$10000,MATCH(1,('Sessions'!$D$2:$D$10000<>"")*ISNA(MATCH('Sessions'!$D$2:$D$10000,$A$57:A66,0)),0)),IFERROR(INDEX('Tournaments'!$B$2:$B$10000,MATCH(1,('Tournaments'!$B$2:$B$10000<>"")*ISNA(MATCH('Tournaments'!$B$2:$B$10000,$A$57:A66,0)),0)),""))} | B67: =IF($A67="","",SUMPRODUCT(('Sessions'!$D$2:$D$10000=$A67)*1,('Sessions'!$A$2:$A$10000<>"")*1)) | C67: =IF($A67="","",SUMPRODUCT(('Sessions'!$D$2:$D$10000=$A67)*1,'Sessions'!$M$2:$M$10000)) | D67: =IF($A67="","",SUMPRODUCT(('Tournaments'!$B$2:$B$10000=$A67)*1,('Tournaments'!$A$2:$A$10000<>"")*1)) | E67: =IF($A67="","",SUMPRODUCT(('Tournaments'!$B$2:$B$10000=$A67)*1,'Tournaments'!$N$2:$N$10000)) | F67: =IF($A67="","",C67+E67)
A68: {=IFERROR(INDEX('Sessions'!$D$2:$D$10000,MATCH(1,('Sessions'!$D$2:$D$10000<>"")*ISNA(MATCH('Sessions'!$D$2:$D$10000,$A$57:A67,0)),0)),IFERROR(INDEX('Tournaments'!$B$2:$B$10000,MATCH(1,('Tournaments'!$B$2:$B$10000<>"")*ISNA(MATCH('Tournaments'!$B$2:$B$10000,$A$57:A67,0)),0)),""))} | B68: =IF($A68="","",SUMPRODUCT(('Sessions'!$D$2:$D$10000=$A68)*1,('Sessions'!$A$2:$A$10000<>"")*1)) | C68: =IF($A68="","",SUMPRODUCT(('Sessions'!$D$2:$D$10000=$A68)*1,'Sessions'!$M$2:$M$10000)) | D68: =IF($A68="","",SUMPRODUCT(('Tournaments'!$B$2:$B$10000=$A68)*1,('Tournaments'!$A$2:$A$10000<>"")*1)) | E68: =IF($A68="","",SUMPRODUCT(('Tournaments'!$B$2:$B$10000=$A68)*1,'Tournaments'!$N$2:$N$10000)) | F68: =IF($A68="","",C68+E68)
A69: {=IFERROR(INDEX('Sessions'!$D$2:$D$10000,MATCH(1,('Sessions'!$D$2:$D$10000<>"")*ISNA(MATCH('Sessions'!$D$2:$D$10000,$A$57:A68,0)),0)),IFERROR(INDEX('Tournaments'!$B$2:$B$10000,MATCH(1,('Tournaments'!$B$2:$B$10000<>"")*ISNA(MATCH('Tournaments'!$B$2:$B$10000,$A$57:A68,0)),0)),""))} | B69: =IF($A69="","",SUMPRODUCT(('Sessions'!$D$2:$D$10000=$A69)*1,('Sessions'!$A$2:$A$10000<>"")*1)) | C69: =IF($A69="","",SUMPRODUCT(('Sessions'!$D$2:$D$10000=$A69)*1,'Sessions'!$M$2:$M$10000)) | D69: =IF($A69="","",SUMPRODUCT(('Tournaments'!$B$2:$B$10000=$A69)*1,('Tournaments'!$A$2:$A$10000<>"")*1)) | E69: =IF($A69="","",SUMPRODUCT(('Tournaments'!$B$2:$B$10000=$A69)*1,'Tournaments'!$N$2:$N$10000)) | F69: =IF($A69="","",C69+E69)
... A87: {=IFERROR(INDEX('Sessions'!$D$2:$D$10000,MATCH(1,('Sessions'!$D$2:$D$10000<>"")*ISNA(MATCH('Sessions'!$D$2:$D$10000,$A$57:A86,0)),0)),IFERROR(INDEX('Tournaments'!$B$2:$B$10000,MATCH(1,('Tournaments'!$B$2:$B$10000<>"")*ISNA(MATCH('Tournaments'!$B$2:$B$10000,$A$57:A86,0)),0)),""))} | B87: =IF($A87="","",SUMPRODUCT(('Sessions'!$D$2:$D$10000=$A87)*1,('Sessions'!$A$2:$A$10000<>"")*1)) | C87: =IF($A87="","",SUMPRODUCT(('Sessions'!$D$2:$D$10000=$A87)*1,'Sessions'!$M$2:$M$10000)) | D87: =IF($A87="","",SUMPRODUCT(('Tournaments'!$B$2:$B$10000=$A87)*1,('Tournaments'!$A$2:$A$10000<>"")*1)) | E87: =IF($A87="","",SUMPRODUCT(('Tournaments'!$B$2:$B$10000=$A87)*1,'Tournaments'!$N$2:$N$10000)) | F87: =IF($A87="","",C87+E87)
A89: By month
A90: Year | B90: =IF(COUNT('Sessions'!$A$2:$A$10000,'Tournaments'!$A$2:$A$10000)=0,YEAR(TODAY()),YEAR(MAX('Sessions'!$A$2:$A$10000,'Tournaments'!$A$2:$A$10000))) | C90: Shows the year of your latest session. Type another year to see it.
A91: Month | B91: Cash profit | C91: Hours | D91: Tournament profit | E91: Total profit
A92: January | B92: =SUMIFS('Sessions'!$M$2:$M$10000,'Sessions'!$A$2:$A$10000,">="&DATE($B$90,ROWS($A$92:$A92),1),'Sessions'!$A$2:$A$10000,"<"&DATE($B$90,ROWS($A$92:$A92)+1,1)) | C92: =SUMIFS('Sessions'!$N$2:$N$10000,'Sessions'!$A$2:$A$10000,">="&DATE($B$90,ROWS($A$92:$A92),1),'Sessions'!$A$2:$A$10000,"<"&DATE($B$90,ROWS($A$92:$A92)+1,1))*24 | D92: =SUMIFS('Tournaments'!$N$2:$N$10000,'Tournaments'!$A$2:$A$10000,">="&DATE($B$90,ROWS($A$92:$A92),1),'Tournaments'!$A$2:$A$10000,"<"&DATE($B$90,ROWS($A$92:$A92)+1,1)) | E92: =B92+D92
A93: February | B93: =SUMIFS('Sessions'!$M$2:$M$10000,'Sessions'!$A$2:$A$10000,">="&DATE($B$90,ROWS($A$92:$A93),1),'Sessions'!$A$2:$A$10000,"<"&DATE($B$90,ROWS($A$92:$A93)+1,1)) | C93: =SUMIFS('Sessions'!$N$2:$N$10000,'Sessions'!$A$2:$A$10000,">="&DATE($B$90,ROWS($A$92:$A93),1),'Sessions'!$A$2:$A$10000,"<"&DATE($B$90,ROWS($A$92:$A93)+1,1))*24 | D93: =SUMIFS('Tournaments'!$N$2:$N$10000,'Tournaments'!$A$2:$A$10000,">="&DATE($B$90,ROWS($A$92:$A93),1),'Tournaments'!$A$2:$A$10000,"<"&DATE($B$90,ROWS($A$92:$A93)+1,1)) | E93: =B93+D93
A94: March | B94: =SUMIFS('Sessions'!$M$2:$M$10000,'Sessions'!$A$2:$A$10000,">="&DATE($B$90,ROWS($A$92:$A94),1),'Sessions'!$A$2:$A$10000,"<"&DATE($B$90,ROWS($A$92:$A94)+1,1)) | C94: =SUMIFS('Sessions'!$N$2:$N$10000,'Sessions'!$A$2:$A$10000,">="&DATE($B$90,ROWS($A$92:$A94),1),'Sessions'!$A$2:$A$10000,"<"&DATE($B$90,ROWS($A$92:$A94)+1,1))*24 | D94: =SUMIFS('Tournaments'!$N$2:$N$10000,'Tournaments'!$A$2:$A$10000,">="&DATE($B$90,ROWS($A$92:$A94),1),'Tournaments'!$A$2:$A$10000,"<"&DATE($B$90,ROWS($A$92:$A94)+1,1)) | E94: =B94+D94
A95: April | B95: =SUMIFS('Sessions'!$M$2:$M$10000,'Sessions'!$A$2:$A$10000,">="&DATE($B$90,ROWS($A$92:$A95),1),'Sessions'!$A$2:$A$10000,"<"&DATE($B$90,ROWS($A$92:$A95)+1,1)) | C95: =SUMIFS('Sessions'!$N$2:$N$10000,'Sessions'!$A$2:$A$10000,">="&DATE($B$90,ROWS($A$92:$A95),1),'Sessions'!$A$2:$A$10000,"<"&DATE($B$90,ROWS($A$92:$A95)+1,1))*24 | D95: =SUMIFS('Tournaments'!$N$2:$N$10000,'Tournaments'!$A$2:$A$10000,">="&DATE($B$90,ROWS($A$92:$A95),1),'Tournaments'!$A$2:$A$10000,"<"&DATE($B$90,ROWS($A$92:$A95)+1,1)) | E95: =B95+D95
A96: May | B96: =SUMIFS('Sessions'!$M$2:$M$10000,'Sessions'!$A$2:$A$10000,">="&DATE($B$90,ROWS($A$92:$A96),1),'Sessions'!$A$2:$A$10000,"<"&DATE($B$90,ROWS($A$92:$A96)+1,1)) | C96: =SUMIFS('Sessions'!$N$2:$N$10000,'Sessions'!$A$2:$A$10000,">="&DATE($B$90,ROWS($A$92:$A96),1),'Sessions'!$A$2:$A$10000,"<"&DATE($B$90,ROWS($A$92:$A96)+1,1))*24 | D96: =SUMIFS('Tournaments'!$N$2:$N$10000,'Tournaments'!$A$2:$A$10000,">="&DATE($B$90,ROWS($A$92:$A96),1),'Tournaments'!$A$2:$A$10000,"<"&DATE($B$90,ROWS($A$92:$A96)+1,1)) | E96: =B96+D96
A97: June | B97: =SUMIFS('Sessions'!$M$2:$M$10000,'Sessions'!$A$2:$A$10000,">="&DATE($B$90,ROWS($A$92:$A97),1),'Sessions'!$A$2:$A$10000,"<"&DATE($B$90,ROWS($A$92:$A97)+1,1)) | C97: =SUMIFS('Sessions'!$N$2:$N$10000,'Sessions'!$A$2:$A$10000,">="&DATE($B$90,ROWS($A$92:$A97),1),'Sessions'!$A$2:$A$10000,"<"&DATE($B$90,ROWS($A$92:$A97)+1,1))*24 | D97: =SUMIFS('Tournaments'!$N$2:$N$10000,'Tournaments'!$A$2:$A$10000,">="&DATE($B$90,ROWS($A$92:$A97),1),'Tournaments'!$A$2:$A$10000,"<"&DATE($B$90,ROWS($A$92:$A97)+1,1)) | E97: =B97+D97
A98: July | B98: =SUMIFS('Sessions'!$M$2:$M$10000,'Sessions'!$A$2:$A$10000,">="&DATE($B$90,ROWS($A$92:$A98),1),'Sessions'!$A$2:$A$10000,"<"&DATE($B$90,ROWS($A$92:$A98)+1,1)) | C98: =SUMIFS('Sessions'!$N$2:$N$10000,'Sessions'!$A$2:$A$10000,">="&DATE($B$90,ROWS($A$92:$A98),1),'Sessions'!$A$2:$A$10000,"<"&DATE($B$90,ROWS($A$92:$A98)+1,1))*24 | D98: =SUMIFS('Tournaments'!$N$2:$N$10000,'Tournaments'!$A$2:$A$10000,">="&DATE($B$90,ROWS($A$92:$A98),1),'Tournaments'!$A$2:$A$10000,"<"&DATE($B$90,ROWS($A$92:$A98)+1,1)) | E98: =B98+D98
A99: August | B99: =SUMIFS('Sessions'!$M$2:$M$10000,'Sessions'!$A$2:$A$10000,">="&DATE($B$90,ROWS($A$92:$A99),1),'Sessions'!$A$2:$A$10000,"<"&DATE($B$90,ROWS($A$92:$A99)+1,1)) | C99: =SUMIFS('Sessions'!$N$2:$N$10000,'Sessions'!$A$2:$A$10000,">="&DATE($B$90,ROWS($A$92:$A99),1),'Sessions'!$A$2:$A$10000,"<"&DATE($B$90,ROWS($A$92:$A99)+1,1))*24 | D99: =SUMIFS('Tournaments'!$N$2:$N$10000,'Tournaments'!$A$2:$A$10000,">="&DATE($B$90,ROWS($A$92:$A99),1),'Tournaments'!$A$2:$A$10000,"<"&DATE($B$90,ROWS($A$92:$A99)+1,1)) | E99: =B99+D99
A100: September | B100: =SUMIFS('Sessions'!$M$2:$M$10000,'Sessions'!$A$2:$A$10000,">="&DATE($B$90,ROWS($A$92:$A100),1),'Sessions'!$A$2:$A$10000,"<"&DATE($B$90,ROWS($A$92:$A100)+1,1)) | C100: =SUMIFS('Sessions'!$N$2:$N$10000,'Sessions'!$A$2:$A$10000,">="&DATE($B$90,ROWS($A$92:$A100),1),'Sessions'!$A$2:$A$10000,"<"&DATE($B$90,ROWS($A$92:$A100)+1,1))*24 | D100: =SUMIFS('Tournaments'!$N$2:$N$10000,'Tournaments'!$A$2:$A$10000,">="&DATE($B$90,ROWS($A$92:$A100),1),'Tournaments'!$A$2:$A$10000,"<"&DATE($B$90,ROWS($A$92:$A100)+1,1)) | E100: =B100+D100
A101: October | B101: =SUMIFS('Sessions'!$M$2:$M$10000,'Sessions'!$A$2:$A$10000,">="&DATE($B$90,ROWS($A$92:$A101),1),'Sessions'!$A$2:$A$10000,"<"&DATE($B$90,ROWS($A$92:$A101)+1,1)) | C101: =SUMIFS('Sessions'!$N$2:$N$10000,'Sessions'!$A$2:$A$10000,">="&DATE($B$90,ROWS($A$92:$A101),1),'Sessions'!$A$2:$A$10000,"<"&DATE($B$90,ROWS($A$92:$A101)+1,1))*24 | D101: =SUMIFS('Tournaments'!$N$2:$N$10000,'Tournaments'!$A$2:$A$10000,">="&DATE($B$90,ROWS($A$92:$A101),1),'Tournaments'!$A$2:$A$10000,"<"&DATE($B$90,ROWS($A$92:$A101)+1,1)) | E101: =B101+D101
A102: November | B102: =SUMIFS('Sessions'!$M$2:$M$10000,'Sessions'!$A$2:$A$10000,">="&DATE($B$90,ROWS($A$92:$A102),1),'Sessions'!$A$2:$A$10000,"<"&DATE($B$90,ROWS($A$92:$A102)+1,1)) | C102: =SUMIFS('Sessions'!$N$2:$N$10000,'Sessions'!$A$2:$A$10000,">="&DATE($B$90,ROWS($A$92:$A102),1),'Sessions'!$A$2:$A$10000,"<"&DATE($B$90,ROWS($A$92:$A102)+1,1))*24 | D102: =SUMIFS('Tournaments'!$N$2:$N$10000,'Tournaments'!$A$2:$A$10000,">="&DATE($B$90,ROWS($A$92:$A102),1),'Tournaments'!$A$2:$A$10000,"<"&DATE($B$90,ROWS($A$92:$A102)+1,1)) | E102: =B102+D102
A103: December | B103: =SUMIFS('Sessions'!$M$2:$M$10000,'Sessions'!$A$2:$A$10000,">="&DATE($B$90,ROWS($A$92:$A103),1),'Sessions'!$A$2:$A$10000,"<"&DATE($B$90,ROWS($A$92:$A103)+1,1)) | C103: =SUMIFS('Sessions'!$N$2:$N$10000,'Sessions'!$A$2:$A$10000,">="&DATE($B$90,ROWS($A$92:$A103),1),'Sessions'!$A$2:$A$10000,"<"&DATE($B$90,ROWS($A$92:$A103)+1,1))*24 | D103: =SUMIFS('Tournaments'!$N$2:$N$10000,'Tournaments'!$A$2:$A$10000,">="&DATE($B$90,ROWS($A$92:$A103),1),'Tournaments'!$A$2:$A$10000,"<"&DATE($B$90,ROWS($A$92:$A103)+1,1)) | E103: =B103+D103
A105: By calendar year (tax year)
A106: Year | B106: Sessions | C106: Cash profit | D106: Tournaments | E106: Tournament profit | F106: Total profit
A107: =IF(COUNT('Sessions'!$A$2:$A$10000,'Tournaments'!$A$2:$A$10000)=0,"",IF(YEAR(MAX('Sessions'!$A$2:$A$10000,'Tournaments'!$A$2:$A$10000))-(ROWS($G$107:$G107)-1)>=YEAR(MIN('Sessions'!$A$2:$A$10000,'Tournaments'!$A$2:$A$10000)),YEAR(MAX('Sessions'!$A$2:$A$10000,'Tournaments'!$A$2:$A$10000))-(ROWS($G$107:$G107)-1),"")) | B107: =IF($A107="","",COUNTIFS('Sessions'!$A$2:$A$10000,">="&DATE($A107,1,1),'Sessions'!$A$2:$A$10000,"<"&DATE($A107+1,1,1))) | C107: =IF($A107="","",SUMIFS('Sessions'!$M$2:$M$10000,'Sessions'!$A$2:$A$10000,">="&DATE($A107,1,1),'Sessions'!$A$2:$A$10000,"<"&DATE($A107+1,1,1))) | D107: =IF($A107="","",COUNTIFS('Tournaments'!$A$2:$A$10000,">="&DATE($A107,1,1),'Tournaments'!$A$2:$A$10000,"<"&DATE($A107+1,1,1))) | E107: =IF($A107="","",SUMIFS('Tournaments'!$N$2:$N$10000,'Tournaments'!$A$2:$A$10000,">="&DATE($A107,1,1),'Tournaments'!$A$2:$A$10000,"<"&DATE($A107+1,1,1))) | F107: =IF($A107="","",C107+E107)
A108: =IF(COUNT('Sessions'!$A$2:$A$10000,'Tournaments'!$A$2:$A$10000)=0,"",IF(YEAR(MAX('Sessions'!$A$2:$A$10000,'Tournaments'!$A$2:$A$10000))-(ROWS($G$107:$G108)-1)>=YEAR(MIN('Sessions'!$A$2:$A$10000,'Tournaments'!$A$2:$A$10000)),YEAR(MAX('Sessions'!$A$2:$A$10000,'Tournaments'!$A$2:$A$10000))-(ROWS($G$107:$G108)-1),"")) | B108: =IF($A108="","",COUNTIFS('Sessions'!$A$2:$A$10000,">="&DATE($A108,1,1),'Sessions'!$A$2:$A$10000,"<"&DATE($A108+1,1,1))) | C108: =IF($A108="","",SUMIFS('Sessions'!$M$2:$M$10000,'Sessions'!$A$2:$A$10000,">="&DATE($A108,1,1),'Sessions'!$A$2:$A$10000,"<"&DATE($A108+1,1,1))) | D108: =IF($A108="","",COUNTIFS('Tournaments'!$A$2:$A$10000,">="&DATE($A108,1,1),'Tournaments'!$A$2:$A$10000,"<"&DATE($A108+1,1,1))) | E108: =IF($A108="","",SUMIFS('Tournaments'!$N$2:$N$10000,'Tournaments'!$A$2:$A$10000,">="&DATE($A108,1,1),'Tournaments'!$A$2:$A$10000,"<"&DATE($A108+1,1,1))) | F108: =IF($A108="","",C108+E108)
A109: =IF(COUNT('Sessions'!$A$2:$A$10000,'Tournaments'!$A$2:$A$10000)=0,"",IF(YEAR(MAX('Sessions'!$A$2:$A$10000,'Tournaments'!$A$2:$A$10000))-(ROWS($G$107:$G109)-1)>=YEAR(MIN('Sessions'!$A$2:$A$10000,'Tournaments'!$A$2:$A$10000)),YEAR(MAX('Sessions'!$A$2:$A$10000,'Tournaments'!$A$2:$A$10000))-(ROWS($G$107:$G109)-1),"")) | B109: =IF($A109="","",COUNTIFS('Sessions'!$A$2:$A$10000,">="&DATE($A109,1,1),'Sessions'!$A$2:$A$10000,"<"&DATE($A109+1,1,1))) | C109: =IF($A109="","",SUMIFS('Sessions'!$M$2:$M$10000,'Sessions'!$A$2:$A$10000,">="&DATE($A109,1,1),'Sessions'!$A$2:$A$10000,"<"&DATE($A109+1,1,1))) | D109: =IF($A109="","",COUNTIFS('Tournaments'!$A$2:$A$10000,">="&DATE($A109,1,1),'Tournaments'!$A$2:$A$10000,"<"&DATE($A109+1,1,1))) | E109: =IF($A109="","",SUMIFS('Tournaments'!$N$2:$N$10000,'Tournaments'!$A$2:$A$10000,">="&DATE($A109,1,1),'Tournaments'!$A$2:$A$10000,"<"&DATE($A109+1,1,1))) | F109: =IF($A109="","",C109+E109)
A110: =IF(COUNT('Sessions'!$A$2:$A$10000,'Tournaments'!$A$2:$A$10000)=0,"",IF(YEAR(MAX('Sessions'!$A$2:$A$10000,'Tournaments'!$A$2:$A$10000))-(ROWS($G$107:$G110)-1)>=YEAR(MIN('Sessions'!$A$2:$A$10000,'Tournaments'!$A$2:$A$10000)),YEAR(MAX('Sessions'!$A$2:$A$10000,'Tournaments'!$A$2:$A$10000))-(ROWS($G$107:$G110)-1),"")) | B110: =IF($A110="","",COUNTIFS('Sessions'!$A$2:$A$10000,">="&DATE($A110,1,1),'Sessions'!$A$2:$A$10000,"<"&DATE($A110+1,1,1))) | C110: =IF($A110="","",SUMIFS('Sessions'!$M$2:$M$10000,'Sessions'!$A$2:$A$10000,">="&DATE($A110,1,1),'Sessions'!$A$2:$A$10000,"<"&DATE($A110+1,1,1))) | D110: =IF($A110="","",COUNTIFS('Tournaments'!$A$2:$A$10000,">="&DATE($A110,1,1),'Tournaments'!$A$2:$A$10000,"<"&DATE($A110+1,1,1))) | E110: =IF($A110="","",SUMIFS('Tournaments'!$N$2:$N$10000,'Tournaments'!$A$2:$A$10000,">="&DATE($A110,1,1),'Tournaments'!$A$2:$A$10000,"<"&DATE($A110+1,1,1))) | F110: =IF($A110="","",C110+E110)
A111: =IF(COUNT('Sessions'!$A$2:$A$10000,'Tournaments'!$A$2:$A$10000)=0,"",IF(YEAR(MAX('Sessions'!$A$2:$A$10000,'Tournaments'!$A$2:$A$10000))-(ROWS($G$107:$G111)-1)>=YEAR(MIN('Sessions'!$A$2:$A$10000,'Tournaments'!$A$2:$A$10000)),YEAR(MAX('Sessions'!$A$2:$A$10000,'Tournaments'!$A$2:$A$10000))-(ROWS($G$107:$G111)-1),"")) | B111: =IF($A111="","",COUNTIFS('Sessions'!$A$2:$A$10000,">="&DATE($A111,1,1),'Sessions'!$A$2:$A$10000,"<"&DATE($A111+1,1,1))) | C111: =IF($A111="","",SUMIFS('Sessions'!$M$2:$M$10000,'Sessions'!$A$2:$A$10000,">="&DATE($A111,1,1),'Sessions'!$A$2:$A$10000,"<"&DATE($A111+1,1,1))) | D111: =IF($A111="","",COUNTIFS('Tournaments'!$A$2:$A$10000,">="&DATE($A111,1,1),'Tournaments'!$A$2:$A$10000,"<"&DATE($A111+1,1,1))) | E111: =IF($A111="","",SUMIFS('Tournaments'!$N$2:$N$10000,'Tournaments'!$A$2:$A$10000,">="&DATE($A111,1,1),'Tournaments'!$A$2:$A$10000,"<"&DATE($A111+1,1,1))) | F111: =IF($A111="","",C111+E111)
A112: =IF(COUNT('Sessions'!$A$2:$A$10000,'Tournaments'!$A$2:$A$10000)=0,"",IF(YEAR(MAX('Sessions'!$A$2:$A$10000,'Tournaments'!$A$2:$A$10000))-(ROWS($G$107:$G112)-1)>=YEAR(MIN('Sessions'!$A$2:$A$10000,'Tournaments'!$A$2:$A$10000)),YEAR(MAX('Sessions'!$A$2:$A$10000,'Tournaments'!$A$2:$A$10000))-(ROWS($G$107:$G112)-1),"")) | B112: =IF($A112="","",COUNTIFS('Sessions'!$A$2:$A$10000,">="&DATE($A112,1,1),'Sessions'!$A$2:$A$10000,"<"&DATE($A112+1,1,1))) | C112: =IF($A112="","",SUMIFS('Sessions'!$M$2:$M$10000,'Sessions'!$A$2:$A$10000,">="&DATE($A112,1,1),'Sessions'!$A$2:$A$10000,"<"&DATE($A112+1,1,1))) | D112: =IF($A112="","",COUNTIFS('Tournaments'!$A$2:$A$10000,">="&DATE($A112,1,1),'Tournaments'!$A$2:$A$10000,"<"&DATE($A112+1,1,1))) | E112: =IF($A112="","",SUMIFS('Tournaments'!$N$2:$N$10000,'Tournaments'!$A$2:$A$10000,">="&DATE($A112,1,1),'Tournaments'!$A$2:$A$10000,"<"&DATE($A112+1,1,1))) | F112: =IF($A112="","",C112+E112)
A113: =IF(COUNT('Sessions'!$A$2:$A$10000,'Tournaments'!$A$2:$A$10000)=0,"",IF(YEAR(MAX('Sessions'!$A$2:$A$10000,'Tournaments'!$A$2:$A$10000))-(ROWS($G$107:$G113)-1)>=YEAR(MIN('Sessions'!$A$2:$A$10000,'Tournaments'!$A$2:$A$10000)),YEAR(MAX('Sessions'!$A$2:$A$10000,'Tournaments'!$A$2:$A$10000))-(ROWS($G$107:$G113)-1),"")) | B113: =IF($A113="","",COUNTIFS('Sessions'!$A$2:$A$10000,">="&DATE($A113,1,1),'Sessions'!$A$2:$A$10000,"<"&DATE($A113+1,1,1))) | C113: =IF($A113="","",SUMIFS('Sessions'!$M$2:$M$10000,'Sessions'!$A$2:$A$10000,">="&DATE($A113,1,1),'Sessions'!$A$2:$A$10000,"<"&DATE($A113+1,1,1))) | D113: =IF($A113="","",COUNTIFS('Tournaments'!$A$2:$A$10000,">="&DATE($A113,1,1),'Tournaments'!$A$2:$A$10000,"<"&DATE($A113+1,1,1))) | E113: =IF($A113="","",SUMIFS('Tournaments'!$N$2:$N$10000,'Tournaments'!$A$2:$A$10000,">="&DATE($A113,1,1),'Tournaments'!$A$2:$A$10000,"<"&DATE($A113+1,1,1))) | F113: =IF($A113="","",C113+E113)
A114: =IF(COUNT('Sessions'!$A$2:$A$10000,'Tournaments'!$A$2:$A$10000)=0,"",IF(YEAR(MAX('Sessions'!$A$2:$A$10000,'Tournaments'!$A$2:$A$10000))-(ROWS($G$107:$G114)-1)>=YEAR(MIN('Sessions'!$A$2:$A$10000,'Tournaments'!$A$2:$A$10000)),YEAR(MAX('Sessions'!$A$2:$A$10000,'Tournaments'!$A$2:$A$10000))-(ROWS($G$107:$G114)-1),"")) | B114: =IF($A114="","",COUNTIFS('Sessions'!$A$2:$A$10000,">="&DATE($A114,1,1),'Sessions'!$A$2:$A$10000,"<"&DATE($A114+1,1,1))) | C114: =IF($A114="","",SUMIFS('Sessions'!$M$2:$M$10000,'Sessions'!$A$2:$A$10000,">="&DATE($A114,1,1),'Sessions'!$A$2:$A$10000,"<"&DATE($A114+1,1,1))) | D114: =IF($A114="","",COUNTIFS('Tournaments'!$A$2:$A$10000,">="&DATE($A114,1,1),'Tournaments'!$A$2:$A$10000,"<"&DATE($A114+1,1,1))) | E114: =IF($A114="","",SUMIFS('Tournaments'!$N$2:$N$10000,'Tournaments'!$A$2:$A$10000,">="&DATE($A114,1,1),'Tournaments'!$A$2:$A$10000,"<"&DATE($A114+1,1,1))) | F114: =IF($A114="","",C114+E114)
A115: =IF(COUNT('Sessions'!$A$2:$A$10000,'Tournaments'!$A$2:$A$10000)=0,"",IF(YEAR(MAX('Sessions'!$A$2:$A$10000,'Tournaments'!$A$2:$A$10000))-(ROWS($G$107:$G115)-1)>=YEAR(MIN('Sessions'!$A$2:$A$10000,'Tournaments'!$A$2:$A$10000)),YEAR(MAX('Sessions'!$A$2:$A$10000,'Tournaments'!$A$2:$A$10000))-(ROWS($G$107:$G115)-1),"")) | B115: =IF($A115="","",COUNTIFS('Sessions'!$A$2:$A$10000,">="&DATE($A115,1,1),'Sessions'!$A$2:$A$10000,"<"&DATE($A115+1,1,1))) | C115: =IF($A115="","",SUMIFS('Sessions'!$M$2:$M$10000,'Sessions'!$A$2:$A$10000,">="&DATE($A115,1,1),'Sessions'!$A$2:$A$10000,"<"&DATE($A115+1,1,1))) | D115: =IF($A115="","",COUNTIFS('Tournaments'!$A$2:$A$10000,">="&DATE($A115,1,1),'Tournaments'!$A$2:$A$10000,"<"&DATE($A115+1,1,1))) | E115: =IF($A115="","",SUMIFS('Tournaments'!$N$2:$N$10000,'Tournaments'!$A$2:$A$10000,">="&DATE($A115,1,1),'Tournaments'!$A$2:$A$10000,"<"&DATE($A115+1,1,1))) | F115: =IF($A115="","",C115+E115)
A116: =IF(COUNT('Sessions'!$A$2:$A$10000,'Tournaments'!$A$2:$A$10000)=0,"",IF(YEAR(MAX('Sessions'!$A$2:$A$10000,'Tournaments'!$A$2:$A$10000))-(ROWS($G$107:$G116)-1)>=YEAR(MIN('Sessions'!$A$2:$A$10000,'Tournaments'!$A$2:$A$10000)),YEAR(MAX('Sessions'!$A$2:$A$10000,'Tournaments'!$A$2:$A$10000))-(ROWS($G$107:$G116)-1),"")) | B116: =IF($A116="","",COUNTIFS('Sessions'!$A$2:$A$10000,">="&DATE($A116,1,1),'Sessions'!$A$2:$A$10000,"<"&DATE($A116+1,1,1))) | C116: =IF($A116="","",SUMIFS('Sessions'!$M$2:$M$10000,'Sessions'!$A$2:$A$10000,">="&DATE($A116,1,1),'Sessions'!$A$2:$A$10000,"<"&DATE($A116+1,1,1))) | D116: =IF($A116="","",COUNTIFS('Tournaments'!$A$2:$A$10000,">="&DATE($A116,1,1),'Tournaments'!$A$2:$A$10000,"<"&DATE($A116+1,1,1))) | E116: =IF($A116="","",SUMIFS('Tournaments'!$N$2:$N$10000,'Tournaments'!$A$2:$A$10000,">="&DATE($A116,1,1),'Tournaments'!$A$2:$A$10000,"<"&DATE($A116+1,1,1))) | F116: =IF($A116="","",C116+E116)
